 Dungeon Crawl Stone Soup version 0.23.0 (webtiles) character file.

Game seed: 10947112685533532300

123 Raymar the Caller (level 4, -5/24 HPs)
             Began as a Deep Elf Summoner on Feb 16, 2019.
             Was a Follower of Sif Muna.
             Slain by an orc priest
             ... wielding a +0 trident
              (9 damage)
             ... on level 3 of the Dungeon.
             The game lasted 00:08:27 (1983 turns).

Raymar the Caller (Deep Elf Summoner)               Turns: 1983, Time: 00:08:27

Health: -5/24      AC:  6    Str:  5    XL:     4   Next: 79%
Magic:  12/13      EV: 13    Int: 21    God:    Sif Muna [*.....]
Gold:   103        SH:  0    Dex: 15    Spells: 4/13 levels left

rFire    . . .     SeeInvis .   l - +0 dagger (holy)
rCold    . . .     Gourm    .   (no shield)
rNeg     . . .     Faith    .   a - +2 robe
rPois    +         Spirit   .   d - +2 hat
rElec    .         Reflect  .   (no cloak)
rCorr    .         Harm     .   (no gloves)
MR       .....                  (no boots)
Stlth    ++........             (no amulet)
HPRegen  0.08/turn              f - ring of poison resistance
MPRegen  0.13/turn              (no ring)

@: no status effects
A: no striking features
a: Divine Energy, Renounce Religion


You were on level 3 of the Dungeon.
You worshipped Sif Muna.
Sif Muna was aware of your devotion.
You were not hungry.

You visited 1 branch of the dungeon, and saw 3 of its levels.

You collected 103 gold pieces.

Inventory:

Hand Weapons
 i - a +0 club
 l - a +0 dagger of holy wrath (weapon)
Armour
 a - a +2 robe (worn)
 d - a +2 hat (worn)
Jewellery
 f - a ring of poison resistance (left hand)
Scrolls
 g - a scroll of fear
 k - 2 scrolls of identify
Potions
 b - a potion of brilliance
 e - a potion of curing {unknown}
 h - 2 potions of ambrosia {unknown}
Comestibles
 c - 2 rations


   Skills:
 - Level 0.1 Fighting
 - Level 2.4 Dodging
 - Level 2.4 Stealth
 * Level 5.0 Spellcasting
 * Level 2.0 Hexes
 + Level 5.5 Summonings


You had 4 spell levels left.
You knew the following spells:

 Your Spells              Type           Power        Failure   Level  Hunger
a - Summon Small Mammal   Summ           ####         1%          1    None
b - Call Imp              Summ           ####....     1%          2    None
c - Summon Guardian Gole  Hex/Summ       ###.....     7%          3    ##.....
d - Call Canine Familiar  Summ           ####....     3%          3    ##.....

Your spell library contained the following spells:

 Spells                   Type           Power        Failure   Level  Hunger
 Summon Ice Beast         Ice/Summ       ###.....     34%         4    ####...
 Summon Lightning Spire   Summ/Air       ###.....     34%         4    ####...


Dungeon Overview and Level Annotations

Branches:
Dungeon (3/15)

Altars:
Sif Muna
Trog


Message History

All of the chunks of flesh in your inventory have rotted away.
Your crimson imp blinks!
The orc priest is too close now for your liking.
An orc priest is nearby!
What are your orders? t - Shout!
Orders for allies: a - Attack new target. r - Retreat! s - Stop attacking. g - Guard the area. f - Follow me.
Anything else - Cancel.
Gang up on whom?
Press: ? - help, Dir - move target cursor, f - orc priest
Aim: an orc priest, wielding a +0 trident and wearing a +0 ring mail Attack!
The orc priest invokes the aid of Beogh against you.
Beogh smites you!
Ouch! That really hurt!
* * * LOW HITPOINT WARNING * * *
The orc priest hits you from afar with a +0 trident!
You die...

.....(.<(..#.#.#
####..((..(#.#.#
#...[(..#.#.#
#<##(##.#.#.######..
####[####....o....g.
##.≈[≈.####.#########
#..≈.≈..#.....5...).#
#.≈≈.≈≈.#.#o#######.#
#.≈..(≈.#.#.5@.[..#o#
##.._..##.#######'#5#
#######.. #.......#
##### .. #.##.)..#
... #....# ... #....#
#....# #....# .....#


You could see an orc priest and a friendly crimson imp.

Vanquished Creatures
  An adder (D:3)
  An ooze (D:3)
  A bat (D:3)
  A goblin (D:2)
  A kobold (D:3)
  A rat (D:2)
6 creatures vanquished.

Vanquished Creatures (collateral kills)
  A howler monkey (D:3)
  2 orc wizards (D:3)
  Natasha (D:3)
  3 adders
  An ooze (D:1)
  A worm (D:3)
  A dart slug (D:3)
  A leopard gecko (D:1)
  An orc (D:3)
  2 giant cockroaches (D:1)
  5 goblins
  6 hobgoblins
  4 jackals
  4 bats (D:1)
  A frilled lizard (D:1)
  6 kobolds
  3 rats
43 creatures vanquished.

Grand Total: 49 creatures vanquished

Notes
Turn   | Place    | Note
-------+----------+-------------------------------------------
     0 | D:1      | Raymar the Deep Elf Summoner began the quest for the Orb.
     0 | D:1      | Reached XP level 1. HP: 10/10 MP: 6/6
   361 | D:1      | Reached XP level 2. HP: 8/15 MP: 6/8
   512 | D:1      | Learned a level 2 spell: Call Imp
  1010 | D:2      | Reached skill level 5 in Summonings
  1085 | D:2      | Found a deep blue altar of Sif Muna.
  1091 | D:2      | Became a worshipper of Sif Muna the Loreminder
  1115 | D:2      | Reached XP level 3. HP: 19/19 MP: 7/10
  1144 | D:2      | Learned a level 3 spell: Summon Guardian Golem
  1525 | D:3      | Noticed Natasha
  1542 | D:3      | Killed Natasha
  1597 | D:3      | Reached skill level 1 in Hexes
  1680 | D:3      | Reached XP level 4. HP: 24/24 MP: 8/12
  1751 | D:3      | Learned a level 3 spell: Call Canine Familiar
  1789 | D:3      | Found a bloodstained altar of Trog.
  1915 | D:3      | Reached * piety under Sif Muna
  1943 | D:3      | Reached skill level 5 in Spellcasting
  1983 | D:3      | Slain by an orc priest

Skill      XL: |  1  2  3  4 |
---------------+-------------+-----
Summonings     | 5 |  5.5
Spellcasting   | 4 5 |  5.0
Hexes          | 1 2 |  2.0
Fighting       | |  0.1
Dodging        | |  2.4
Stealth        | |  2.4

Action                   |  1- 3 |  4- 6 || total
-------------------------+-------+-------++-------
Melee: Club              |     4 |    17 ||    21
       Unarmed           |     2 |       ||     2
       Spear             |     6 |       ||     6
       Dagger            |       |    13 ||    13
 Cast: Summon Small Mamm |    28 |       ||    28
       Call Imp          |    20 |     9 ||    29
       Summon Guardian G |     1 |     1 ||     2
       Call Canine Famil |       |     4 ||     4
  Use: Scroll            |    11 |       ||    11
 Stab: Sleeping          |     2 |       ||     2
  Eat: Chunk             |     3 |     1 ||     4
Armor: Robe              |    11 |    24 ||    35
Dodge: Dodged            |    17 |    40 ||    57
